 Dungeon Crawl Stone Soup version 0.27-a0-1147-gb3d8e82157 (webtiles) character file.

Game seed: 15433520921760549545

32 Wyvernaa the Shield-Bearer (level 3, 0/23 HPs)
             Began as a Gargoyle Fighter on May 12, 2021.
             Slain by a quokka (3 damage)
             ... on level 2 of the Dungeon.
             The game lasted 00:02:20 (1520 turns).

Wyvernaa the Shield-Bearer (Gargoyle Fighter)       Turns: 1520, Time: 00:02:21

Health: 0/23       AC: 10    Str: 20    XL:     3   Next: 25%
Magic:  3/3        EV:  7    Int:  8    God:
Gold:   83         SH:  9    Dex:  9    Spells: 2/2 levels left

rFire    . . .     SeeInvis .   a - +0 flail
rCold    . . .     Faith    .   c - +0 kite shield
rNeg     + . .     Spirit   .   b - +0 scale mail
rPois    ∞         Reflect  .   (no helmet)
rElec    +         Harm     .   (no cloak)
rCorr    .         Rampage  .   (no gloves)
Will     .....                  (no boots)
Stlth    ..........             (no amulet)
HPRegen  0.07/turn              (no ring)
MPRegen  0.08/turn              (no ring)

@: about to teleport, weak-willed
A: sickness immunity, AC +3, negative energy resistance 1, electricity
resistance, torment resistance 1, petrification resistance
a: no special abilities


You were on level 2 of the Dungeon.
You visited 1 branch of the dungeon, and saw 2 of its levels.

You collected 83 gold pieces.

Inventory:

Hand Weapons
 a - a +0 flail (weapon)
Armour
 b - a +0 scale mail (worn)
 c - a +0 kite shield (worn)
Scrolls
 k - a scroll of enchant weapon
Potions
 d - a potion of might
 e - a potion of haste {unknown}
 g - a potion of berserk rage {unknown}
 h - a potion of mutation {unknown}
 j - a potion of brilliance {unknown}


   Skills:
 + Level 3.5 Fighting
 * Level 2.4 Maces & Flails
 + Level 3.5 Armour
 + Level 4.0 Shields


You had 2 spell levels left.
You didn't know any spells.
Your spell library was empty.

Dungeon Overview and Level Annotations

Branches:
Dungeon (2/15)

Altars:


Innate Abilities, Weirdness & Mutations

You are immune to sickness and miasma.
Your stone body is resilient. (AC +3)
You are immune to poison.
You resist negative energy. (rN+)
You are resistant to electric shocks. (rElec)
You are resistant to unholy torment.
You are immune to petrification.


Message History

The endoplasm is moderately wounded.
The endoplasm freezes you.
You are frozen.
The rat bites you but does no damage. You block the endoplasm's attack.
You hit the endoplasm but do no damage.
The endoplasm is moderately wounded.
The rat barely misses you. The endoplasm freezes you.
You are frozen.
You block the rat's attack.
You are too injured to fight recklessly!
You are too injured to fight recklessly!
The endoplasm hits you but does no damage.
The adder bites you. The adder bites you but does no damage.
The adder bites you but does no damage.
A quokka comes into view.
A hobgoblin comes into view.
The hobgoblin shouts!
The adder bites you but does no damage.
You miss the adder. The adder bites you but does no damage.
The adder bites you.
* * * LOW HITPOINT WARNING * * *
You sock the adder!
The adder is severely wounded.
The adder bites you but does no damage. The hobgoblin hits you.
* * * LOW HITPOINT WARNING * * *
The adder bites you but does no damage.
As you read the scroll labelled WAMULOGHUNG, it crumbles to dust.
Magic quickly surges around you.
It was a scroll of vulnerability.
The adder barely misses you.
The hobgoblin hits you but does no damage.
The hobgoblin barely misses you.
As you read the scroll labelled IXTOTO WINNOE, it crumbles to dust.
It is a scroll of identify.
k - a scroll of enchant weapon You block the adder's attack.
The quokka barely misses you.
The hobgoblin hits you but does no damage.
As you read the scroll labelled KEQOASHR WEUTU, it crumbles to dust.
You feel strangely unstable.
It was a scroll of teleportation.
The adder bites you but does no damage. The quokka bites you.
You die...

.. #.#.....#.# ..
#.#.##....# #r
#.#.###...# # .
#.#..##.#.......#.#....
.....................>.
.##..#J#..............
## #r#..######......
#.#S#..# ######
##.g@#..# ......r.#..#
#######.##..#
#...........#
#........#.#######
........#........ ####
........#.#######
.#.#######.#+###.#.#
<..........#.# #...#


You could see an adder (weak-willed), an endoplasm (weak-willed), a quokka, a
hobgoblin (weak-willed) and a rat (weak-willed).

Vanquished Creatures
  A worm (D:2)
  2 dart slugs
  6 endoplasms (D:1)
  A giant cockroach (D:1)
  3 goblins (D:1)
  A hobgoblin (D:1)
  A kobold (D:1)
  A quokka (D:1)
  3 ball pythons
  2 bats (D:1)
  A frilled lizard (D:1)
22 creatures vanquished.

Notes
Turn   | Place    | Note
-------+----------+-------------------------------------------
     0 | D:1      | Wyvernaa the Gargoyle Fighter began the quest for the Orb.
     0 | D:1      | Reached XP level 1. HP: 14/14 MP: 1/1
   213 | D:1      | Reached XP level 2. HP: 19/19 MP: 2/2
   854 | D:1      | Found a faded altar of an unknown god.
  1028 | D:1      | Reached XP level 3. HP: 23/23 MP: 3/3
  1389 | D:2      | Reached skill level 4 in Shields
  1520 | D:2      | Slain by a quokka

Illustrated notes

Levels and vault maps discovered:
D:1:      dpeg_arrival_yet_another_circle, layout_basic,
          shapermc_ecumenical_altar_notcrosses
D:2:      layout_basic, uniq_crazy_yiuf_cottage

Skill      XL: |  1  2  3 |
---------------+----------+-----
Shields        | 4 |  4.0
Fighting       | |  3.5
Maces & Flails | |  2.4
Armour         | |  3.5

Action                   || total
-------------------------++-------
Melee: Flail             ||    63
  Use: Scroll            ||     3
Armor: Scale mail        ||    42
Dodge: Dodged            ||    16
Block: Kite shield       ||    40

Table legend: (Time is in decaauts)
 A = Elapsed time spent in this place.
 B = Non-inter-level travel time spent in this place.
 C = Inter-level travel time spent in this place.
 D = Time resting spent in this place.
 E = Time spent auto-exploring this place.
 F = Levels seen in this place.
 G = Mean time per level.
                   A        B        C        D        E       F      G
               +--------+--------+--------+--------+--------+-----+--------+
         Total |   1552 |   1514 |     38 |      0 |   1295 |   2 |  776.0 |
       Dungeon |   1552 |   1514 |     38 |      0 |   1295 |   2 |  776.0 |
               +--------+--------+--------+--------+--------+-----+--------+

Top non-repeatable levels by time:
     D:1: 1405 daAuts
     D:2: 147 daAuts
